 Dungeon Crawl Stone Soup version 0.30-a0-1066-g63dfefce0d (webtiles) character file.

Game seed: 9344323019693133090

3130 NateTC the Basher (level 9, -5/56 HPs)
             Began as a Gargoyle Fighter on Apr 13, 2023.
             Was an Elder of Elyvilon.
             Killed from afar by a quicksilver dragon (34 damage)
             ... with a bolt of dispelling energy
             ... on level 1 of the Abyss.
             The game lasted 00:22:08 (7848 turns).

NateTC the Basher (Gargoyle Fighter)                Turns: 7848, Time: 00:22:09

Health: -5/56      AC: 21    Str: 23    XL:     9   Next: 92%
Magic:  7/10       EV: 11    Int:  6    God:    Elyvilon [****..]
Gold:   463        SH:  6    Dex:  9    Spells: 8/8 levels left

rFire   . . .      SeeInvis .    a - +2 flail
rCold   . . .      Faith    .    c - +1 buckler
rNeg    + . .      Spirit   .    e - +2 plate armour
rPois   ∞          Reflect  .    (no helmet)
rElec   +          Rampage  .    k - scarf {shadows}
rCorr   +                        (no gloves)
Will    .....                    (no boots) Stlth
                                 (no amulet)
HPRegen 0.29/turn                l - ring of resist corrosion
MPRegen 0.12/turn                q - +5 ring of evasion

@: no status effects
A: sickness immunity, AC +6, negative energy resistance 1, electricity
resistance, torment resistance 1, petrification resistance, [dopey 2]
a: Renounce Religion, Purification, Heal Other, Heal Self


You were on level 1 of the Abyss.
You worshipped Elyvilon.
Elyvilon was greatly pleased with you.
You visited 2 branches of the dungeon, and saw 9 of its levels.
You visited the Abyss 1 time.

You collected 463 gold pieces.

Inventory:

Hand Weapons
 a - a +2 flail (weapon)
Armour
 c - a +1 buckler (worn)
 e - a +2 plate armour (worn)
 k - a scarf of shadows (worn)
Jewellery
 h - a +6 ring of dexterity
 l - a ring of resist corrosion (left hand)
 n - a +6 ring of strength
 o - a ring of flight
 q - a +5 ring of evasion (right hand)
Scrolls
 j - a scroll of teleportation
 r - 2 scrolls of magic mapping
 s - a scroll of fear
Potions
 b - 4 potions of haste
 d - 2 potions of might
 f - 2 potions of attraction
 g - 3 potions of brilliance
 i - 4 potions of curing
 m - 2 potions of flight {unknown}
 p - 2 potions of mutation {unknown}
 t - 3 potions of berserk rage {unknown}
 u - 2 potions of heal wounds
 w - a potion of cancellation {unknown}


   Skills:
 + Level 6.6 Fighting
 + Level 9.7 Maces & Flails
 - Level 7.2 Armour
 - Level 0.9 Dodging
 - Level 0.2 Stealth
 + Level 6.4 Shields
 * Level 1.6 Invocations


You had 8 spell levels left.
You didn't know any spells.
Your spell library contained the following spells:

 Spells                   Type           Power      Damage    Failure   Level
 Beastly Appendage        Tmut           0%         N/A       100%        1
 Kiss of Death            Conj/Necr      0%         2d5       100%        1
 Magic Dart               Conj           0%         1d3       100%        1
 Summon Small Mammal      Summ           0%         N/A       100%        1
 Searing Ray              Conj           0%         2d4       100%        2
 Call Canine Familiar     Summ           0%         N/A       100%        3
 Confusing Touch          Hex            0%         N/A       100%        3
 Portal Projectile        Hex/Tloc       0%         N/A       100%        3
 Summon Guardian Golem    Hex/Summ       0%         N/A       100%        3
 Dispel Undead            Necr           0%         3d6       100%        4
 Fulminant Prism          Conj/Hex       0%         3d5       100%        4
 Leda's Liquefaction      Hex/Erth       0%         N/A       100%        4


Dungeon Overview and Level Annotations

Branches:
Dungeon (8/15) Zot: 26252  Temple (1/1) D:5 Zot: 5998
   Lair: D:8-11

Altars:
Ashenzari
Cheibriados
Dithmenos
Elyvilon
Fedhas
Gozag
Hepliaklqana
Kikubaaqudgha
Makhleb
Nemelex Xobeh
Ru
Sif Muna
Trog
Uskayaw
Vehumet
Wu Jian
Xom
Yredelemnul
Zin

Annotations:
D:2 1 runed translucent door, Crazy Yiuf
D:4 3 runed translucent doors, bmack86's ghost, amateur MiFi


Innate Abilities, Weirdness & Mutations

You are immune to sickness and miasma.
Your stone body is resilient. (AC +6)
You are immune to poison.
You resist negative energy. (rN+)
You are resistant to electric shocks. (rElec)
You are resistant to unholy torment.
You are immune to petrification.
[You are very dopey. (Int -4)]


Message History

The large abomination hits you!!
Ouch! That really hurt!
* * * LOW HITPOINT WARNING * * *
The large abomination attacks as you move away!
The large abomination hits you!! Elyvilon protects you from harm!
You are healed.
You are suddenly pulled into a different region of the Abyss!
A sixfirhy comes into view.
A quicksilver dragon comes into view.
The quicksilver dragon roars deafeningly!
The quicksilver dragon breathes dispelling energy at you.
The bolt of dispelling energy hits you!!
Elyvilon protects you from harm!
You hear a shout!
You block the sixfirhy's attack.
The sixfirhy hits you but does no damage.
A sixfirhy comes into view.
A cacodemon comes into view.
The quicksilver dragon breathes dispelling energy at you.
The bolt of dispelling energy hits you!!
* * * LOW HITPOINT WARNING * * *
The cacodemon gestures at the rock wall.
Some rock shatters into small pieces.
The sixfirhy barely misses you.
The sixfirhy hits you but does no damage.
The quicksilver dragon breathes dispelling energy at you.
The bolt of dispelling energy hits you!!
Elyvilon protects you from harm! The sixfirhy hits you.
* * * LOW HITPOINT WARNING * * *
The sixfirhy shocks you. You resist.
* * * LOW HITPOINT WARNING * * *
The sixfirhy hits you but does no damage.
You are healed.
The sixfirhy barely misses you.
The sixfirhy hits you but does no damage.
You block the sixfirhy's attack.
The quicksilver dragon breathes dispelling energy at you.
The bolt of dispelling energy hits you!!
Ouch! That really hurt!
You die...

..# .####.
....## ..#..#
........ ......
#......# ......
##......##......
.. .............
.........@......
......D..33.....
.. .............
................
................
##......#2......
##......##......
...............
...........3..


You could see a cacodemon, a quicksilver dragon (catching breath) and 2
sixfirhies.

Vanquished Creatures
  A wyvern (D:8)
  A water moccasin (D:6)
  3 ogres
  A black bear (D:6)
  An orc warrior (D:7)
  A centaur (D:7)
  A phantom (D:5)
  A kobold brigand (D:8)
  3 scorpions
  6 bullfrogs
  A gnoll sergeant (D:8)
  7 wights
  5 killer bees (D:8)
  A howler monkey (D:5)
  A centaur zombie (D:4)
  2 lava snakes (D:8)
  6 orc priests
  4 hounds
  A jelly (D:5)
  3 iguanas
  9 orc wizards
  A gnoll (D:8)
  9 adders
  A shadow imp (D:7)
  2 white imps
  An adder zombie (D:4)
  6 worms
  2 dart slugs
  39 orcs
  8 ball pythons
  3 bats
  11 endoplasms
  8 giant cockroaches
  11 goblins
  5 hobgoblins
  A jackal (D:3)
  6 quokkas
  7 frilled lizards
  5 kobolds
  6 rats
191 creatures vanquished.

Vanquished Creatures (others)
  4 starspawn tentacles (Abyss:1)
4 creatures vanquished.

Grand Total: 195 creatures vanquished

Notes
Turn   | Place    | Note
-------+----------+-------------------------------------------
     0 | D:1      | NateTC the Gargoyle Fighter began the quest for the Orb.
     0 | D:1      | Reached XP level 1. HP: 14/14 MP: 1/1
   108 | D:1      | Reached XP level 2. HP: 19/19 MP: 2/2
   463 | D:1      | Reached XP level 3. HP: 24/24 MP: 3/3
   807 | D:2      | Found a faded altar of an unknown god.
   814 | D:2      | Got Plato's Commentary on Reformation
   837 | D:2      | Prayed at the altar of an unknown god.
   837 | D:2      | Became a worshipper of Elyvilon the Healer
   837 | D:2      | Reached * piety under Elyvilon
   982 | D:2      | Found a burning altar of Makhleb.
  1159 | D:2      | Reached XP level 4. HP: 24/29 MP: 4/4
  1443 | D:2      | Reached ** piety under Elyvilon
  1556 | D:2      | Found a runed translucent door.
  1557 | D:2      | Noticed Crazy Yiuf
  1856 | D:3      | Reached skill level 3 in Maces & Flails
  1869 | D:3      | Found a shimmering blue altar of Sif Muna.
  2140 | D:3      | Reached XP level 5. HP: 32/33 MP: 5/5
  2431 | D:3      | Reached skill level 4 in Maces & Flails
  2551 | D:3      | Reached XP level 6. HP: 34/38 MP: 6/6
  3073 | D:4      | Reached *** piety under Elyvilon
  3194 | D:4      | Found a sacrificial altar of Ru.
  3197 | D:4      | Found a glowing silver altar of Zin.
  3201 | D:4      | Found a burning altar of Makhleb.
  3422 | D:4      | Found a shimmering altar of Xom.
  3620 | D:4      | Found a runed translucent gate.
  3620 | D:4      | Found a runed translucent gate.
  3620 | D:4      | Found a runed translucent gate.
  3620 | D:4      | Noticed bmack86's ghost (amateur MiFi)
  3622 | D:4      | Found a basalt altar of Yredelemnul.
  3630 | D:4      | Reached skill level 5 in Maces & Flails
  3698 | D:5      | Entered Level 5 of the Dungeon
  3793 | D:5      | Reached XP level 7. HP: 29/44 MP: 7/7
  3936 | D:5      | Reached skill level 5 in Armour
  3953 | D:5      | Reached **** piety under Elyvilon
  3973 | D:5      | Found a staircase to the Ecumenical Temple.
  4062 | D:5      | Reached skill level 6 in Maces & Flails
  4071 | Temple   | Entered the Ecumenical Temple
  4670 | D:6      | Reached skill level 5 in Shields
  4670 | D:6      | Reached XP level 8. HP: 29/48 MP: 8/8
  4692 | D:6      | Reached skill level 5 in Fighting
  4927 | D:6      | Reached skill level 7 in Maces & Flails
  5326 | D:6      | Found a blossoming altar of Fedhas.
  5345 | D:6      | Noticed a two-headed ogre
  5725 | D:6      | Reached skill level 8 in Maces & Flails
  5870 | D:6      | HP: 2/49 [two-headed ogre/+0 giant club (13)]
  6046 | D:7      | Found an ornate altar of the Wu Jian Council.
  6060 | D:7      | Reached XP level 9. HP: 29/54 MP: 9/9
  6862 | D:8      | Found the +5 robe of Misfortune {Harm *Corrode *Slow EV+5}
  7097 | D:8      | Reached skill level 9 in Maces & Flails
  7143 | D:8      | Found an opulent altar of Gozag.
  7222 | D:8      | Found a hazy altar of Hepliaklqana.
  7517 | D:8      | Reached skill level 1 in Invocations
  7611 | Abyss:1  | Cast into level 1 of the Abyss (gnoll)
  7649 | Abyss:1  | Noticed a large abomination
  7659 | Abyss:1  | Noticed a blizzard demon
  7712 | Abyss:1  | Noticed a thrashing horror
  7721 | Abyss:1  | Noticed a tentacled starspawn
  7728 | Abyss:1  | Noticed a wretched star
  7734 | Abyss:1  | Noticed an ancient zyme
  7782 | Abyss:1  | Noticed a large abomination
  7798 | Abyss:1  | Noticed a great orb of eyes
  7823 | Abyss:1  | Noticed an ancient zyme
  7830 | Abyss:1  | Elyvilon protects you from harm!
  7841 | Abyss:1  | Noticed a sixfirhy
  7842 | Abyss:1  | Noticed a quicksilver dragon
  7842 | Abyss:1  | Elyvilon protects you from harm!
  7845 | Abyss:1  | Noticed a sixfirhy
  7845 | Abyss:1  | Noticed a cacodemon
  7847 | Abyss:1  | Elyvilon protects you from harm!
  7848 | Abyss:1  | Killed from afar by a quicksilver dragon

Illustrated notes

Levels and vault maps discovered:
D:1:      ebering_hopf_link, layout_loops_ring
D:2:      layout_loops_ring, shapermc_ecumenical_altar_rom_forum, basic_altar,
          uniq_crazy_yiuf_cottage
D:3:      minmay_chambers_of_threes, layout_basic, kennysheep_orc_sif_temple
D:4:      layout_rooms, mainiacjoe_overflow_small_starburst,
          nicolae_yredelemnul_ghost_church, grunt_temple_overflow_diamond,
          minmay_increasing_density
D:5:      minmay_opposing_rooms, layout_basic, minmay_temple_entry_glassed_door
D:6:      layout_loops_corners, nicolae_overflow_hidden_temple,
          kennysheep_mini_moat, nicolae_shop_clearance
D:7:      layout_layer_cave, nicolae_wu_jian_immortal_techniques
D:8:      layout_loops_cross, mainiacjoe_overflow_catch_the_wave
Temple:   hellmonk_temple_micro_hex
Abyss:1:  base: D:1, base: D:7, serial_sigils_hangedman_gut

Skill      XL: |  1  2  3  4  5  6  7  8  9 |
---------------+----------------------------+-----
Armour         | 4 5 6 7 |  7.2
Maces & Flails | 3 4 5 6 8 9 |  9.7
Fighting       | 4 5 6 |  6.6
Shields        | 4 5 6 |  6.4
Invocations    | 1 |  1.6
Dodging        | |  0.9
Stealth        | |  0.2

Action                     |  1- 3 |  4- 6 |  7- 9 || total
---------------------------+-------+-------+-------++-------
  Melee: Flail             |   131 |   248 |   462 ||   841
 Invoke: Heal Self         |       |       |     9 ||     9
    Use: Scroll            |     2 |     9 |     8 ||    19
         Potion            |       |       |     2 ||     2
 Armour: Scale mail        |    76 |     9 |       ||    85
         Plate armour      |       |   144 |   258 ||   402
  Dodge: Dodged            |    56 |    72 |   236 ||   364
  Block: Buckler           |    32 |    62 |   148 ||   242

Table legend: (Time is in decaauts)
 A = Elapsed time spent in this place.
 B = Non-inter-level travel time spent in this place.
 C = Inter-level travel time spent in this place.
 D = Time resting spent in this place.
 E = Time spent auto-exploring this place.
 F = Levels seen in this place.
 G = Mean time per level.
                   A        B        C        D        E       F      G
               +--------+--------+--------+--------+--------+-----+--------+
         Total |   7977 |   7733 |    244 |    449 |   5008 |  10 |  797.7 |
       Dungeon |   7736 |   7492 |    244 |    449 |   5008 |   8 |  967.0 |
        Temple |      1 |      1 |      0 |      0 |      0 |   1 |    1.0 |
         Abyss |    239 |    239 |      0 |      0 |      0 |   1 |  239.0 |
               +--------+--------+--------+--------+--------+-----+--------+

Top non-repeatable levels by time:
     D:2: 1171 daAuts
     D:6: 1165 daAuts
     D:3: 1135 daAuts
     D:5: 1077 daAuts
     D:7: 944 daAuts
     D:1: 782 daAuts
     D:8: 746 daAuts
     D:4: 712 daAuts
 Abyss:1: 239 daAuts
  Temple: 1 daAuts
